 Dungeon Crawl Stone Soup version 0.30-a0-883-g5ad918d77d (webtiles) character file.

Game seed: 15867077546551581177

256 bande the Covered (level 6, -1/38 HPs)
             Began as a Gargoyle Fighter on Mar 17, 2023.
             Slain by a hell rat (12 damage)
             ... in a sewer.
             The game lasted 00:06:51 (3096 turns).

bande the Covered (Gargoyle Fighter)                Turns: 3096, Time: 00:06:52

Health: -1/38      AC: 18    Str: 19    XL:     6   Next: 16%
Magic:  6/6        EV:  7    Int:  9    God:
Gold:   229        SH:  4    Dex: 11    Spells: 5/5 levels left

rFire   . . .      SeeInvis +    a - +1 war axe
rCold   . . .      Faith    .    c - +0 buckler
rNeg    + . .      Spirit   .    n - +0 chain mail
rPois   ∞          Reflect  .    q - +0 helmet
rElec   +          Rampage  .    g - +0 cloak
rCorr   .                        (no gloves)
Will    .....                    f - +1 pair of boots Stlth
                                 (no amulet)
HPRegen 0.26/turn                b - ring of see invisible
MPRegen 0.10/turn                (no ring)

@: no status effects
A: sickness immunity, AC +4, negative energy resistance 1, electricity
resistance, torment resistance 1, petrification resistance
a: no special abilities


You were in a sewer.
You visited 1 branch of the dungeon, and saw 4 of its levels.
You also visited: Sewer.

You collected 229 gold pieces.

Inventory:

Hand Weapons
 a - a +1 war axe (weapon)
 l - a +0 flail
 p - a +0 war axe
Armour
 c - a +0 buckler (worn)
 f - a +1 pair of boots (worn)
 g - a +0 cloak (worn)
 n - a +0 chain mail (worn)
 q - a +0 helmet (worn)
Jewellery
 b - a ring of see invisible (left hand)
Scrolls
 o - 2 scrolls of blinking
 r - a scroll of teleportation {unknown}
 s - 2 scrolls of enchant weapon
Potions
 d - 2 potions of might
 e - 2 potions of brilliance
 h - a potion of lignification {unknown}
 i - 2 potions of heal wounds {unknown}
 j - 3 potions of curing {unknown}
 k - a potion of magic {unknown}
 m - 2 potions of mutation {unknown}


   Skills:
 + Level 4.2 Fighting
 + Level 4.1 Axes
 + Level 4.5 Armour
 + Level 3.9 Shields


You had 5 spell levels left.
You didn't know any spells.
Your spell library contained the following spells:

 Spells                   Type           Power      Damage    Failure   Level
 Beastly Appendage        Tmut           0%         N/A       99%         1
 Sandblast                Erth           0%         2d4       99%         1
 Passwall                 Tmut/Erth      0%         N/A       100%        2
 Wereblood                Tmut           0%         N/A       100%        2
 Ignite Poison            Fire/Tmut/Pois 0%         N/A       100%        3
 Kindle Blastsparks       Fire/Tloc/Air  0%         2d10      100%        3
 Spider Form              Tmut/Pois      0%         N/A       100%        3
 Stone Arrow              Conj/Erth      0%         3d7       100%        3
 Anguish                  Hex/Necr       0%         N/A       100%        4
 Freezing Cloud           Conj/Ice/Air   0%         6-21      100%        5
 Enfeeble                 Hex            0%         N/A       100%        7


Dungeon Overview and Level Annotations

Branches:
Dungeon (4/15)              Sewer (1/1)
 Temple: D:4-7

Altars:

Shops:
D:2 *   D:4 [


Innate Abilities, Weirdness & Mutations

You are immune to sickness and miasma.
Your stone body is resilient. (AC +4)
You are immune to poison.
You resist negative energy. (rN+)
You are resistant to electric shocks. (rElec)
You are resistant to unholy torment.
You are immune to petrification.


Message History

You hit the river rat. The hell rat closely misses you.
The hell rat bites you but does no damage.
The river rat bites you but does no damage.
You closely miss the hell rat.
The hell rat is lightly wounded.
You barely miss the river rat. The hell rat bites you.
The river rat barely misses you. The hell rat bites you.
You hit the hell rat.
The hell rat is moderately wounded.
You slash the river rat! The river rat bites you. The hell rat bites you.
The river rat bites you but does no damage.
You are too injured to fight recklessly!
You are too injured to fight recklessly!
You are too injured to fight recklessly!
You are too injured to fight recklessly!
You are too injured to fight recklessly!
You are too injured to fight recklessly!
You are too injured to fight recklessly!
You are too injured to fight recklessly!
You are too injured to fight recklessly!
You are too injured to fight recklessly!
You are too injured to fight recklessly!
Unknown command.
You hit the hell rat but do no damage.
The hell rat is moderately wounded.
You hit the river rat.
You kill the river rat!
The hell rat bites you but does no damage. x2
You completely miss the hell rat.
The hell rat is moderately wounded.
The hell rat bites you!
* * * LOW HITPOINT WARNING * * *
The hell rat completely misses you.
You completely miss the hell rat.
The hell rat is moderately wounded.
The hell rat splashes around in the water.
You closely miss the hell rat.
The hell rat is moderately wounded.
The hell rat bites you!
You die...

#########
###...~~~~###
###~~.~.~†~~~.#
#~~.†.##@##.~...
##.~.###~r.# ..~
#~~~##~~~~~~~ r
#~~~#...~~~.~~# ~
#~.~##~??$??~##~~
##.~~###?∩!###~~.
#.~..~#####~~~.~
###.~†~~∩~.~~~#
###~..∩.~~###


You could see a hell rat.

Vanquished Creatures
  An iguana (D:4)
  8 gnolls
  5 adders
  4 river rats
  An orc (D:3)
  6 endoplasms
  2 giant cockroaches (D:4)
  13 goblins
  5 hobgoblins
  5 kobolds
  A quokka (D:3)
  7 ball pythons
  6 bats
  A frilled lizard (D:1)
  10 rats
75 creatures vanquished.

Vanquished Creatures (others)
  A plant (D:3)
1 creature vanquished.

Grand Total: 76 creatures vanquished

Notes
Turn   | Place    | Note
-------+----------+-------------------------------------------
     0 | D:1      | bande the Gargoyle Fighter began the quest for the Orb.
     0 | D:1      | Reached XP level 1. HP: 14/14 MP: 1/1
   146 | D:1      | Reached XP level 2. HP: 14/19 MP: 2/2
   660 | D:2      | Found Egadips's General Store.
   768 | D:2      | Reached XP level 3. HP: 14/24 MP: 3/3
  1159 | D:2      | Reached XP level 4. HP: 29/29 MP: 4/4
  2046 | D:3      | Reached XP level 5. HP: 33/33 MP: 5/5
  2089 | D:3      | Found a faded altar of an unknown god.
  2580 | D:4      | Found Tiunai's Antique Armour Shoppe.
  3022 | D:4      | Reached XP level 6. HP: 30/38 MP: 6/6
  3044 | D:4      | Found a glowing drain.
  3054 | Sewer    | Entered a sewer
  3096 | Sewer    | Slain by a hell rat

Illustrated notes

Levels and vault maps discovered:
D:1:      minmay_arrival_checkered_box, layout_basic, nicolae_hexahallways,
          minmay_tree_intersection, serial_park_tiny_pond
D:2:      layout_rooms, serial_co_window_serial, co_window_paths_b,
          co_window_paths_b, co_window_paths_a, co_window_paths_a,
          co_window_corner_a, co_window_of_opportunity_b, co_window_2corner,
          co_window_2corner, glass_columns_b, glass_columns_b, glass_columns_b,
          glass_columns_a, glass_columns_a, serial_shops, nicolae_square_shop
D:3:      layout_rooms, serial_forest, infiniplex_forest_end_2,
          infiniplex_forest_side_room, infiniplex_forest_clump_medium,
          infiniplex_forest_lined_4_way, infiniplex_forest_lined_3_way,
          basic_ecumenical_altar, kennysheep_generic_room_14
D:4:      layout_basic, serial_shops, kennysheep_mini, portal_sewer_entry_e
Sewer:    sewer_hellmonk_bad_rat

Skill      XL: |  1  2  3  4  5  6 |
---------------+-------------------+-----
Axes           | 2 3 4 |  4.1
Armour         | 4 |  4.5
Fighting       | 4 |  4.2
Shields        | |  3.9

Action                     |  1- 3 |  4- 6 || total
---------------------------+-------+-------++-------
  Melee: War axe           |   104 |   160 ||   264
    Use: Scroll            |     1 |     5 ||     6
 Armour: Scale mail        |    61 |    12 ||    73
         Chain mail        |       |    98 ||    98
  Dodge: Dodged            |    52 |    71 ||   123
  Block: Buckler           |    18 |    41 ||    59

Table legend: (Time is in decaauts)
 A = Elapsed time spent in this place.
 B = Non-inter-level travel time spent in this place.
 C = Inter-level travel time spent in this place.
 D = Time resting spent in this place.
 E = Time spent auto-exploring this place.
 F = Levels seen in this place.
 G = Mean time per level.
                   A        B        C        D        E       F      G
               +--------+--------+--------+--------+--------+-----+--------+
         Total |   3208 |   3161 |     47 |    452 |   1910 |   5 |  641.6 |
       Dungeon |   3155 |   3108 |     47 |    452 |   1891 |   4 |  788.8 |
         Sewer |     53 |     53 |      0 |      0 |     19 |   1 |   53.0 |
               +--------+--------+--------+--------+--------+-----+--------+

Top non-repeatable levels by time:
     D:2: 1274 daAuts
     D:3: 709 daAuts
     D:1: 630 daAuts
     D:4: 541 daAuts
   Sewer: 53 daAuts
